 Dungeon Crawl Stone Soup version 0.27.1-34-g3ba077fa99 (webtiles) character file.

Game seed: 16800015208709611844

95 Descartes the Grasshopper (level 4, -2/33 HPs)
             Began as a Formicid Warper on Jan 22, 2022.
             Succumbed to HangedMan's ghost's poison
             ... on level 2 of the Dungeon.
             The game lasted 00:03:39 (3172 turns).

Descartes the Grasshopper (Formicid Warper)         Turns: 3172, Time: 00:03:40

Health: -2/33      AC:  5    Str: 16    XL:     4   Next: 97%
Magic:  7/7        EV: 10    Int: 13    God:
Gold:   63         SH:  0    Dex: 10    Spells: 7/7 levels left

rFire    . . .     SeeInvis +   i - +1 dagger (vamp)
rCold    . . .     Faith    .   (no shield)
rNeg     . . .     Spirit   .   f - +0 ring mail
rPois    .         Reflect  .   (helmet unavailable)
rElec    .         Harm     .   (no cloak)
rCorr    .         Rampage  .   (no gloves)
Will     .....                  (no boots)
Stlth    ..........             (no amulet)
HPRegen  0.11/turn              (no ring)
MPRegen  0.10/turn              (no ring)

@: lethally poisoned (-2 -> -18)
A: permanent stasis, dig shafts and tunnels, antennae 3, four strong arms
a: Dig, Shaft Self


You were on level 2 of the Dungeon.
You visited 1 branch of the dungeon, and saw 3 of its levels.

You collected 63 gold pieces.

Inventory:

Hand Weapons
 a - a +0 mace
 i - a +1 vampiric dagger (weapon)
Missiles
 c - 5 boomerangs of dispersal (quivered)
 j - 40 stones
Armour
 b - a +0 leather armour
 f - a +0 ring mail (worn)
Scrolls
 d - a scroll of enchant armour {unknown}
 e - a scroll of identify {unknown}
 g - a scroll of noise {unknown}
 l - a scroll of teleportation {unknown}
Potions
 h - a potion of brilliance {unknown}
 k - a potion of curing {unknown}


   Skills:
 - Level 2.1 Fighting
 - Level 2.0 Maces & Flails
 - Level 1.0 Throwing
 + Level 3.3 Armour
 - Level 1.7 Dodging
 - Level 2.1 Spellcasting
 + Level 3.9 Translocations


You had 7 spell levels left.
You didn't know any spells.
Your spell library contained the following spells:

 Spells                   Type           Power      Damage    Failure   Level
 Gell's Gravitas          Tloc           5%         N/A       28%         3
 Lesser Beckoning         Tloc           5%         N/A       28%         3
 Teleport Other           Tloc           11%        N/A       28%         3
 Manifold Assault         Tloc           11%        N/A       95%         5
 Blink                    Tloc           Unusable   N/A       N/A         2

Dungeon Overview and Level Annotations

Branches:
Dungeon (3/15)

Altars:

Annotations:
D:2 HangedMan's ghost, amateur OpWz


Innate Abilities, Weirdness & Mutations

You cannot be hasted, slowed, berserked, paralysed or teleported.
You can dig through walls and to a lower floor.
You have a pair of large antennae on your head. (SInv)
Your four strong arms can wield two-handed weapons with a shield.


Message History

The adder is heavily wounded.
You feel sick. The adder bites you but does no damage. The adder bites you.
You hit the adder but do no damage.
The adder is heavily wounded.
You feel sick. The adder misses you.
You hit the adder.
You feel better.
The adder is severely wounded.
You feel sick.
You are no longer poisoned.
The adder barely misses you.
You hit the adder.
You feel better.
The adder is almost dead.
The adder barely misses you. x2
You hit the adder.
You feel better.
You kill the adder!
You see here an adder corpse.
There is a stone staircase leading down here.
You climb downwards.
Level annotation: HangedMan's ghost, amateur OpWz HangedMan's ghost hits you.
You are poisoned.
HangedMan's ghost stares at you and mumbles some strange words.
The magic dart hits you.
There is a stone staircase leading up, spattered with blood here.
You closely miss HangedMan's ghost.
You feel sick. HangedMan's ghost hits you.
You are lethally poisoned!
You hit HangedMan's ghost but do no damage.
* * * LOW HITPOINT WARNING * * *
You feel very sick.
HangedMan's ghost hits you but does no damage.
You closely miss HangedMan's ghost.
* * * LOW HITPOINT WARNING * * *
You feel very sick. HangedMan's ghost barely misses you.
* * * LOW HITPOINT WARNING * * *
You feel sick. HangedMan's ghost hits you.
* * * LOW HITPOINT WARNING * * *
You are more poisoned.
You climb upwards.
You die...

##.##..# #..##.#
...##..# ####..##.#
#####..# #........#
.....#####.###.####
####.......# #.#
########### #.##
##.......).# #..##
#....#####.###...####
'.........'....W@†..#
#.........####...##.#
##.......## ##.###.#
##.....## ### #.#
##...## ###.## ##'##
#....# #####.# #.#.##
....#.# #..##
###.#.## #########.#


You could see HangedMan's ghost.

Vanquished Creatures
  4 adders (D:2)
  A worm (D:2)
  3 dart slugs
  3 ball pythons
  4 endoplasms
  2 giant cockroaches (D:1)
  5 goblins
  6 hobgoblins
  5 jackals (D:1)
  3 kobolds
  A quokka (D:2)
  6 bats
  A frilled lizard (D:1)
  7 rats
51 creatures vanquished.

Notes
Turn   | Place    | Note
-------+----------+-------------------------------------------
     0 | D:1      | Descartes the Formicid Warper began the quest for the Orb.
     0 | D:1      | Reached XP level 1. HP: 16/16 MP: 3/3
   278 | D:1      | Reached XP level 2. HP: 12/22 MP: 5/5
   627 | D:1      | Reached XP level 3. HP: 22/27 MP: 6/6
  1985 | D:2      | Reached XP level 4. HP: 33/33 MP: 7/7
  3113 | D:3      | Found a runed translucent door.
  3114 | D:3      | Noticed HangedMan's ghost (amateur OpWz)
  3172 | D:2      | Succumbed to HangedMan's ghost's poison

Illustrated notes

Levels and vault maps discovered:
D:1:      heliophobic_arrival_glass_houses, layout_basic
D:2:      layout_loops_corners, serial_co_window_serial, co_window_corner_a,
          co_window_paths_b, co_window_paths_a, co_window_paths_b,
          co_window_paths_a, co_window_corner_b, co_window_corner_ca,
          co_window_broadway_c, co_window_unsneaky_path_a, co_window_2corner,
          co_window_of_opportunity_b, co_window_paths_e
D:3:      layout_loops_ring, ebering_ecumenical_altar_rust,
          ebering_ghost_sewer_d, uniq_crazy_yiuf_cottage

Skill      XL: |  1  2  3  4 |
---------------+-------------+-----
Translocations | 3 |  3.9
Armour         | 2 3 |  3.3
Fighting       | |  2.1
Maces & Flails | |  2.0
Throwing       | |  1.0
Dodging        | |  1.7
Spellcasting   | |  2.1

Action                   |  1- 3 |  4- 6 || total
-------------------------+-------+-------++-------
Melee: Mace              |   107 |       ||   107
       Dagger            |    29 |    94 ||   123
 Abil: Dig               |     3 |       ||     3
Armor: Leather armour    |    14 |       ||    14
       Ring mail         |    41 |    44 ||    85
Dodge: Dodged            |    86 |    58 ||   144
